 Dungeon Crawl Stone Soup version 0.24-a0-170-gd8427f5388 (webtiles) character file.

Game seed: 13503178240226234121

1407 ItfitIsit the Skirmisher (level 8, -1/61 HPs)
             Began as an Octopode Chaos Knight on Mar 8, 2019.
             Was a Follower of Uskayaw.
             Slain by a thrashing horror (6 damage)
             ... on level 2 of the Abyss.
             The game lasted 00:13:22 (7234 turns).

ItfitIsit the Skirmisher (Octopode Chaos Knight)    Turns: 7234, Time: 00:13:22

Health: -1/61      AC:  9    Str: 10    XL:     8   Next: 70%
Magic:  9/11       EV: 15    Int: 12    God:    Uskayaw [*.....]
Gold:   364        SH:  0    Dex: 13    Spells: 7/7 levels left

rFire    + . .     SeeInvis +   o - +2 dagger (venom)
rCold    . . .     Gourm    .   (no shield)
rNeg     . . .     Faith    +   (helmet restricted)
rPois    +         Spirit   .   D - amulet of faith
rElec    .         Reflect  .   s - ring of see invisible
rCorr    .         Harm     .   G - ring of poison resistance
MR       .....                  H - +5 ring of protection
Stlth    +++.......             (no ring)
HPRegen  0.20/turn              (no ring)
MPRegen  0.12/turn              (no ring)
                                (no ring)
                                (no ring)

@: about to teleport
A: almost no armour, stealthy swim, amphibious, 8 rings, constrict 8, antennae
1, icy blue scales 2, camouflage 1, blink, blurry vision 1, dopey 1, fire
resistance 1, mutation resistance 1, weak 1, gelatinous body 1, MP-powered wands
a: Blink, Stomp, Renounce Religion


You were on level 2 of the Abyss.
You worshipped Uskayaw.
Uskayaw was noncommittal.
You were hungry.

You visited 1 branch of the dungeon, and saw 6 of its levels.
You visited the Abyss 1 time.

You collected 364 gold pieces.

Inventory:

Hand Weapons
 a - a +0 short sword of chaos
 i - the +7 spear of Symmetry {freeze, +Blink rElec Str+8}
   (You found it on level 5 of the Dungeon)

   It has been specially enchanted to freeze those struck by it, causing extra
   injury to most foes and up to half again as much damage against particularly
   susceptible opponents.
   It can also slow down cold-blooded creatures.
   It affects your strength (+8).
   It insulates you from electricity.
   It lets you blink.
 l - a +0 hunting sling
 o - a +2 dagger of venom (weapon)
 r - a cursed -1 hunting sling
 I - a +4 long sword
Missiles
 k - 293 stones
 n - 8 javelins (quivered)
 p - 70 sling bullets
 w - a throwing net {!f}
Jewellery
 s - a ring of see invisible (left tentacle)
 t - an uncursed ring of fire
 D - an amulet of faith (around mantle)
 G - a ring of poison resistance (right tentacle)
 H - a +5 ring of protection (on tentacle)
Wands
 C - a wand of disintegration (7)
Scrolls
 f - a scroll of magic mapping {unknown}
 g - 7 scrolls of remove curse {@r2}
 h - a scroll of immolation {unknown}
 q - 2 scrolls of fog
 u - 4 scrolls of teleportation {@r3}
 x - 2 scrolls of amnesia {unknown}
 y - a scroll of enchant weapon {unknown}
 B - a scroll of enchant armour {unknown}
Potions
 c - a potion of magic
 d - 4 potions of degeneration
 e - 2 potions of flight
 j - 4 potions of mutation
 m - 3 potions of curing {@q1}
 v - a potion of might {unknown}
 z - a potion of berserk rage {unknown}
 A - a potion of haste {unknown}
 F - a potion of heal wounds {unknown}
Comestibles
 b - 16 rations


   Skills:
 + Level 7.6 Fighting
 - Level 5.0 Short Blades
 - Level 5.1 Dodging
 - Level 3.0 Stealth
 - Level 4.1 Invocations


You had 7 spell levels left.
You didn't know any spells.
Your spell library contained the following spells:

 Spells                   Type           Power        Failure   Level  Hunger
 Freeze                   Ice            #...         32%         1    ##.....
 Throw Frost              Conj/Ice       #.....       45%         2    ###....
 Ozocubu's Armour         Chrm/Ice       #.......     69%         3    ####...
 Summon Ice Beast         Ice/Summ       #.......     97%         4    #####..
 Throw Icicle             Conj/Ice       #.......     97%         4    #####..


Dungeon Overview and Level Annotations

Branches:
Dungeon (6/15)
 Temple: D:4-7

Altars:
Elyvilon
Fedhas
Makhleb
Uskayaw

Annotations:
D:4 3 runed translucent doors, haldagan's ghost, amateur MiMo
D:6 1 runed translucent door, mitkoXXVII's ghost, novice GrEE


Innate Abilities, Weirdness & Mutations

You cannot wear most types of armour.
You are very stealthy in the water. (Stealth+)
You are amphibious.
You can wear up to eight rings at the same time.
You can use your tentacles to constrict eight enemies at once.
Your skin changes colour to match your surroundings (Stealth+).
Your rubbery body absorbs attacks. (AC +1, EV +1)
You have a pair of small antennae on your head.
You are mostly covered in icy blue scales. (AC +3)
You can translocate small distances at will.
Scrolls take you a little longer to read.
You are dopey. (Int -2)
Your flesh is heat resistant. (rF+)
You are somewhat resistant to further mutation.
You are weak. (Str -2)
You expend magic power (3 MP) to strengthen your wands.


Message History

The thrashing horror tramples you but does no damage.
The thrashing horror misses you.
A red ugly thing comes into view.
The ynoxinul moves out of view.
The thrashing horror closely misses you.
The thrashing horror misses you.
You can no longer pass through a line of other dancers.
The thrashing horror barely misses you. x2
The thrashing horror tramples you.
* * * LOW HITPOINT WARNING * * *
You hold your ground!
The thrashing horror completely misses you.
Unknown command.
The thrashing horror tramples you but does no damage.
The thrashing horror tramples you.
* * * LOW HITPOINT WARNING * * *
You hold your ground!
Unknown command.
The thrashing horror tramples you.
You die...

#.. ..X.##.... .
...$..##.§#..#.
...# . 3..
###§#..§... .## .
...#.###.#u# #. .
.. .. #.#.#..##..#
# . ... .. #
###..#..##... .. .
.###..#.###.....
....
.......X..#.#.#....
. ..#....#@##...##
###.. ....#...#.#.
.# .
...#.....##...# ..
....#...# .# #
......... #.# . .
.....#. ..#
.....###.. . ......
.. .. . # #


You could see a thrashing horror.

Vanquished Creatures
  Prince Ribbit (D:5)
  Menkaure (D:4)
  An orc warrior (D:6)
  A centaur (D:6)
  Blork the orc (D:5)
  A bullfrog (D:6)
  A small abomination (Abyss:2)
  A bullfrog zombie (D:5)
  3 crimson imps
  A hound (D:6)
  4 orc wizards
  A jelly (D:6)
  3 iguanas
  4 worker ants
  A howler monkey zombie (D:6)
  2 worker ant zombies
  4 gnolls (D:4)
  6 adders
  A river rat (D:3)
  A shadow imp (D:4)
  An ooze (D:1)
  An adder zombie (D:6)
  An adder skeleton (D:6)
  3 worms
  3 dart slugs
  4 leopard geckos
  14 orcs
  2 giant cockroaches
  7 goblins
  6 hobgoblins
  6 jackals
  2 quokkas (D:6)
  3 ball pythons
  8 bats
  6 frilled lizards
  9 kobolds
  A quokka skeleton (D:4)
  5 rats
121 creatures vanquished.

Vanquished Creatures (others)
  A fire vortex (D:4)
1 creature vanquished.

Grand Total: 122 creatures vanquished

Notes
Turn   | Place    | Note
-------+----------+-------------------------------------------
     0 | D:1      | ItfitIsit the Octopode Chaos Knight began the quest for the
                  | Orb.
     0 | D:1      | Reached XP level 1. HP: 16/16 MP: 1/1
    29 | D:1      | Reached skill level 1 in Stealth
   120 | D:1      | XOM: harmless Necr miscast
   127 | D:1      | XOM: silly message
   131 | D:1      | Reached XP level 2. HP: 16/21 MP: 2/2
   328 | D:1      | XOM: divination: detect creatures
   451 | D:1      | Reached XP level 3. HP: 18/26 MP: 3/3
   788 | D:1      | XOM: god gift: 34 gold pieces
   974 | D:2      | XOM: smoke on damage
  1046 | D:2      | XOM: mild Pois miscast
  1405 | D:1      | XOM: harmless Hex miscast
  1456 | D:2      | XOM: butterfly on damage
  1460 | D:2      | XOM: medium Fire miscast
  1618 | D:1      | XOM: give mutations
  1618 | D:1      | Gained mutation: You are partially covered in icy blue
                  | scales. (AC +2) [Xom's grace]
  1618 | D:1      | Gained mutation: You have a pair of small antennae on your
                  | head. [Xom's grace]
  1618 | D:1      | Gained mutation: Your muscles are strong. (Str +2) [Xom's
                  | grace]
  1637 | D:1      | XOM: give mutations
  1637 | D:1      | Gained mutation: You are somewhat resistant to further
                  | mutation. [Xom's grace]
  1637 | D:1      | Gained mutation: Your flesh is heat resistant. (rF+) [Xom's
                  | grace]
  1637 | D:1      | Gained mutation: You are mostly covered in icy blue scales.
                  | (AC +3) [Xom's grace]
  1877 | D:2      | Reached XP level 4. HP: 31/31 MP: 4/4
  1935 | D:2      | XOM: give mutations
  1935 | D:2      | Gained mutation: You expend magic power (3 MP) to
                  | strengthen your wands. [Xom's grace]
  1935 | D:2      | Gained mutation: You can translocate small distances at
                  | will. [Xom's grace]
  2061 | D:2      | XOM: cloud trail
  2092 | D:2      | Found a faded altar of an unknown god.
  2534 | D:3      | XOM: polymorph kobold -> river rat
  2640 | D:3      | XOM: harmless Air miscast
  3031 | D:4      | Reached XP level 5. HP: 22/36 MP: 5/5
  3033 | D:4      | XOM: snakes to sticks
  3180 | D:4      | XOM: butterfly on damage
  3181 | D:4      | XOM: butterfly on damage
  3391 | D:4      | XOM: mild Fire miscast
  3561 | D:4      | Found a burning altar of Makhleb.
  3561 | D:4      | Found a hide-covered altar of Uskayaw.
  3573 | D:4      | Fell from the grace of Xom
  3573 | D:4      | Became a worshipper of Uskayaw the Reveler
  3616 | D:4      | Reached * piety under Uskayaw
  3753 | D:4      | Reached ** piety under Uskayaw
  3754 | D:4      | Reached XP level 6. HP: 16/43 MP: 6/6
  3985 | D:4      | Noticed Menkaure
  4001 | D:4      | Killed Menkaure
  4001 | D:4      | Reached skill level 4 in Fighting
  4001 | D:4      | Reached skill level 5 in Dodging
  4001 | D:4      | Reached skill level 1 in Invocations
  4366 | D:4      | Found a runed translucent gate.
  4366 | D:4      | Found a runed translucent gate.
  4367 | D:4      | Found a runed translucent gate.
  4367 | D:4      | Noticed haldagan's ghost (amateur MiMo)
  4368 | D:4      | Identified the +6 dagger of Temperance {pain, Str+4}
  4562 | D:4      | Reached XP level 7. HP: 34/48 MP: 1/8
  4761 | D:4      | You fall through a shaft for 2 floors!
  4773 | D:6      | Reached *** piety under Uskayaw
  4808 | D:6      | Found a runed translucent door.
  4828 | D:6      | XOM: scenery: 1 doors open
  4831 | D:6      | Noticed mitkoXXVII's ghost (novice GrEE)
  4840 | D:5      | Entered Level 5 of the Dungeon
  4884 | D:5      | Reached **** piety under Uskayaw
  4887 | D:5      | Reached ***** piety under Uskayaw
  4888 | D:5      | Reached skill level 5 in Fighting
  5034 | D:5      | XOM: severe Tmut miscast
  5079 | D:5      | Gained mutation: You are frail. (-10% HP) [mutagenic glow]
  5122 | D:5      | Gained mutation: You are dopey. (Int -2) [mutagenic glow]
  5156 | D:5      | Found a white marble altar of Elyvilon.
  5179 | D:5      | Noticed Blork the orc
  5188 | D:5      | Killed Blork the orc
  5201 | D:5      | Gained mutation: Scrolls take you a little longer to read.
                  | [mutagenic glow]
  5246 | D:5      | Lost mutation: Your muscles are strong. (Str +2) [mutagenic
                  | glow]
  5247 | D:5      | Noticed Prince Ribbit
  5593 | D:5      | Killed Prince Ribbit
  5593 | D:5      | Reached skill level 6 in Fighting
  5593 | D:5      | Reached XP level 8. HP: 26/51 MP: 9/11
  5644 | D:5      | XOM: give mutation
  5644 | D:5      | Lost mutation: You are frail. (-10% HP) [Xom's mischief]
  5719 | D:5      | XOM: summons 1 hostile demon
  5917 | D:5      | XOM: stat loss: -2 Int (10/12)
  5983 | D:5      | Reached skill level 5 in Short Blades
  5990 | D:5      | Got an ancient spear
  5991 | D:5      | Identified the +7 spear of Symmetry {freeze, +Blink rElec
                  | Str+8} (You found it on level 5 of the Dungeon)
  6087 | D:5      | XOM: medium Necr miscast
  6213 | D:5      | XOM: give mutation
  6213 | D:5      | Gained mutation: You are weak. (Str -2) [Xom's mischief]
  6436 | D:6      | Found a blossoming altar of Fedhas.
  6444 | D:6      | XOM: mild Erth miscast
  6656 | D:6      | XOM: medium Fire miscast
  6770 | D:6      | Reached skill level 7 in Fighting
  7088 | D:6      | XOM: medium Tloc miscast
  7089 | D:6      | Cast into level 2 of the Abyss (the capriciousness of Xom)
  7098 | Abyss:2  | Noticed a small abomination
  7185 | Abyss:2  | Noticed a starcursed mass
  7204 | Abyss:2  | Noticed a large abomination
  7207 | Abyss:2  | Noticed a great orb of eyes
  7222 | Abyss:2  | Noticed a thrashing horror
  7225 | Abyss:2  | Noticed a smoke demon
  7227 | Abyss:2  | Noticed a ynoxinul
  7227 | Abyss:2  | Noticed a red ugly thing
  7234 | Abyss:2  | Slain by a thrashing horror

Levels and vault maps discovered:
D:1:      mushboom_english_gardens, layout_rooms
D:2:      layout_loops_cross, first_ration, chequers_ecumenical_altar_island
D:3:      layout_rooms
D:4:      layout_basic, grunt_temple_overflow_open,
          gammafunk_ghost_nasty_kobolds, uniq_menkaure
D:5:      layout_rooms, basic_altar, uniq_prince_ribbit1, uniq_blork_the_orc
D:6:      layout_basic, fedhas_ov_isle_minmay, temple_fountains,
          ebering_ghost_sewer_d
Abyss:2

Skill      XL: |  1  2  3  4  5  6  7  8 |
---------------+-------------------------+-----
Stealth        | 2 3 |  3.0
Dodging        | 3 4 5 |  5.1
Fighting       | 4 6 7 |  7.6
Invocations    | 2 4 |  4.1
Short Blades   | 4 5 |  5.0

Action                   |  1- 3 |  4- 6 |  7- 9 || total
-------------------------+-------+-------+-------++-------
Melee: Short sword       |    43 |       |       ||    43
       Constrict         |    18 |    24 |    27 ||    69
       Tentacles         |     9 |    23 |    26 ||    58
       Dagger            |    31 |    99 |    97 ||   227
       Spear             |       |       |    26 ||    26
Throw: Javelin           |       |     2 |       ||     2
Evoke: Wand              |       |     5 |     8 ||    13
  Use: Potion            |     1 |       |     2 ||     3
       Scroll            |       |     5 |     5 ||    10
 Stab: Sleeping          |     9 |     8 |     3 ||    20
       Petrifying        |     1 |       |       ||     1
       Distracted        |       |     1 |     1 ||     2
       Paralysed         |       |       |     2 ||     2
       Invisible         |       |       |     1 ||     1
  Eat: Chunk             |     3 |     8 |     8 ||    19
Armor: Skin              |     5 |     9 |     9 ||    23
Dodge: Dodged            |    30 |    57 |    60 ||   147

Table legend:
 A = Non-vault XP
 B = Vault XP
 C = Vault XP percentage of total XP
 D = Non-vault monster count
 E = Vault monster count
 F = Vault count percentage of total count
                 A         B        C        D         E       F
            +---------+---------+-------+---------+---------+-------
      Total |    1473 |     537 |  26.7 |     118 |       3 |   2.5
            +---------+---------+-------+---------+---------+-------
        D:1 |      40 |       0 |   0.0 |      22 |       0 |   0.0
        D:2 |      62 |       0 |   0.0 |      26 |       0 |   0.0
        D:3 |      55 |       0 |   0.0 |      11 |       0 |   0.0
        D:4 |     292 |     169 |  36.7 |      23 |       1 |   4.2
        D:5 |     341 |     368 |  51.9 |      18 |       2 |  10.0
        D:6 |     610 |       0 |   0.0 |      17 |       0 |   0.0
    Abyss:2 |      73 |       0 |   0.0 |       1 |       0 |   0.0
            +---------+---------+-------+---------+---------+-------
